 Dungeon Crawl Stone Soup version 0.23.2-33-g5129a83 (webtiles) character file.

Game seed: 13817715586392339468

1229 azarias the Slinger (level 8, -1/75 HPs)
             Began as a Halfling Hunter on July 11, 2019.
             Was an Initiate of Okawaru.
             Slain by a jackal zombie (2 damage)
             ... in an ossuary.
             The game lasted 00:12:44 (6171 turns).

azarias the Slinger (Halfling Hunter)               Turns: 6171, Time: 00:12:44

Health: -1/75      AC: 24    Str: 15 (18) XL:     8   Next: 77%
Magic:  8/8        EV:  3    Int:  8 (9)  God:    Okawaru [......]
Gold:   305        SH:  0    Dex: 19 (22) Spells: 7/7 levels left

rFire    . . .     SeeInvis .   a - +1 hunting sling
rCold    . . .     Gourm    .   (shield restricted)
rNeg     + + +     Faith    .   (armour currently unavailable)
rPois    +         Spirit   .   (helmet currently unavailable)
rElec    .         Reflect  .   (cloak currently unavailable)
rCorr    .         Harm     .   (gloves currently unavailable)
MR       .....     NoTele   +   (boots currently unavailable)
Stlth    +++.......             (no amulet)
HPRegen  0.22/turn              (no ring)
MPRegen  0.11/turn              (no ring)

@: mighty, agile, tree-form (expiring)
A: small, mutation resistance 1
a: Renounce Religion


You were in an ossuary.
You worshipped Okawaru.
Okawaru was noncommittal.
You were not hungry.
You were a tree.
You visited 2 branches of the dungeon, and saw 7 of its levels.
You also visited: Ossuary.

You collected 305 gold pieces.

Inventory:

Hand Weapons
 a - a +1 hunting sling (weapon)
 r - the +10 rapier of Kesefil {flame, MR- Str+4 Int+9 Dex-3, unknown}
   (You found it on level 4 of the Dungeon)

   It has been specially enchanted to burn those struck by it, causing extra
   injury to most foes and up to half again as much damage against particularly
   susceptible opponents.
   It affects your strength (+4).
   It affects your intelligence (+9).
   It affects your dexterity (-3).
   It affects your resistance to hostile enchantments.
 w - a +1 dagger of venom
Missiles
 e - 62 stones (quivered)
Armour
 c - a +0 leather armour (melded)
 j - a +0 pair of gloves (melded)
 n - a +0 cloak of magic resistance (melded)
 C - a +2 hat (melded)
Magical Staves
 m - an uncursed staff of fire {unknown}
Jewellery
 y - an uncursed amulet of faith {unknown}
Scrolls
 l - 3 scrolls of remove curse
 s - a scroll of random uselessness {unknown}
 t - a scroll of fear {unknown}
 u - 3 scrolls of fog
 z - 2 scrolls of identify {unknown}
 B - 2 scrolls of immolation {unknown}
 D - a scroll of teleportation
 E - a scroll of enchant armour {unknown}
Potions
 k - a potion of resistance
 q - a potion of lignification
 v - a potion of mutation
Comestibles
 f - 10 rations


   Skills:
 + Level 2.1 Fighting
 - Level 14.2 Slings
 - Level 2.1 Dodging
 - Level 1.1 Stealth
 + Level 1.1 Invocations


You had 7 spell levels left.
You didn't know any spells.
Your spell library contained the following spells:

 Spells                   Type           Power        Failure   Level  Hunger
 Corona                   Hex            #......      41%         1    ##.....
 Ensorcelled Hibernation  Hex/Ice        #.....       54%         2    ###....
 Confuse                  Hex            #.......     78%         3    ####...
 Dazzling Spray           Conj/Hex       #.....       78%         3    ####...
 Tukima's Dance           Hex            #.......     78%         3    ####...


Dungeon Overview and Level Annotations

Branches:
Dungeon (6/15)             Temple (1/1) D:4

Altars:
Cheibriados
Dithmenos
Elyvilon
Fedhas
Gozag
Hepliaklqana
Makhleb
Nemelex Xobeh
Okawaru
Qazlal
Ru
Sif Muna
Trog
Uskayaw
Wu Jian
Xom
Yredelemnul
Zin

Shops:
D:4 %


Innate Abilities, Weirdness & Mutations

You are small and have problems with some larger weapons.
You are somewhat resistant to further mutation.


Message History

The adder zombie bites you but does no damage.
The big kobold zombie hits you.
* * * LOW HITPOINT WARNING * * *
The mummy hits you!
* * * LOW HITPOINT WARNING * * *
It was a potion of degeneration.
There was something very wrong with that liquid.
You feel weakened.
You feel dopey.
You feel clumsy.
The jackal zombie bites you but does no damage.
The adder zombie bites you but does no damage.
The hobgoblin zombie hits you but does no damage.
The big kobold zombie barely misses you.
Firing (i - inventory)
e - 63 stones (quivered)
Press: ? - help, Shift-Dir - straight line, f/p - mummy
Aim: a mummy (moderately damaged)
You shoot a stone.
The stone hits the mummy but does no damage.
The mummy is moderately damaged.
The jackal zombie bites you.
You die...

#############
#...........
#..........
##+#.........#####
#.........(....(.......
#......................
#..... #.(ZZ(..........
#.....##.M♣((....(.....
#........ZZ(...........
.#..........(........
##..........∩.......
#..........∩.......
#..........(.......
#...........(.......
..............(.(.....
......................


You could see a mummy, an adder zombie, a jackal zombie, a hobgoblin zombie and
a big kobold zombie.

Vanquished Creatures
  Grinder (D:3)
  Eustachio (D:4)
  Menkaure (D:6)
  2 ogres
  2 crimson imps
  A centaur zombie (D:5)
  Crazy Yiuf (D:2)
  A bullfrog skeleton (D:5)
  2 human zombies (Ossuary)
  2 orc wizards (D:4)
  Jessica (D:2)
  2 worker ants (D:4)
  A big kobold zombie (Ossuary)
  A hound zombie (Ossuary)
  2 mummies
  A hound skeleton (D:4)
  Robin (D:4)
  2 adders (D:3)
  A shadow imp (D:6)
  2 adder zombies (Ossuary)
  An ooze (D:3)
  An adder skeleton (D:4)
  6 worms
  4 dart slugs
  2 leopard geckos (D:3)
  14 orcs
  3 ball pythons
  5 giant cockroaches
  6 goblins
  14 hobgoblins
  3 jackals (D:6)
  3 quokkas
  8 bats
  9 frilled lizards
  A goblin zombie (Ossuary)
  A hobgoblin zombie (Ossuary)
  6 kobolds
  7 rats
  A fungus (D:2)
123 creatures vanquished.

Vanquished Creatures (others)
  An orc (D:4)
1 creature vanquished.

Grand Total: 124 creatures vanquished

Notes
Turn   | Place    | Note
-------+----------+-------------------------------------------
     0 | D:1      | azarias the Halfling Hunter began the quest for the Orb.
     0 | D:1      | Reached XP level 1. HP: 14/14 MP: 1/1
    79 | D:1      | Reached skill level 6 in Slings
   114 | D:1      | Reached XP level 2. HP: 12/19 MP: 2/2
   569 | D:1      | Reached skill level 7 in Slings
   569 | D:1      | Reached XP level 3. HP: 23/24 MP: 3/3
  1636 | D:2      | Noticed Jessica
  1647 | D:2      | Killed Jessica
  1647 | D:2      | Reached skill level 8 in Slings
  1647 | D:2      | Reached XP level 4. HP: 29/29 MP: 4/4
  1922 | D:3      | Noticed Grinder
  1948 | D:3      | Killed Grinder
  1948 | D:3      | Reached skill level 10 in Slings
  1948 | D:3      | Reached XP level 5. HP: 11/34 MP: 5/5
  1948 | D:3      | Reached XP level 6. HP: 13/39 MP: 6/6
  3063 | D:4      | Noticed an ogre
  3076 | D:4      | Killed an ogre
  3076 | D:4      | Reached skill level 11 in Slings
  3076 | D:4      | Reached XP level 7. HP: 31/44 MP: 7/7
  3275 | D:4      | Noticed Robin
  3286 | D:4      | Killed Robin
  3451 | D:4      | Got a scorched rapier
  3549 | D:4      | Noticed Eustachio
  3573 | D:4      | Killed Eustachio
  3573 | D:4      | Reached skill level 12 in Slings
  3810 | D:4      | Found Harysio's Food Boutique.
  3996 | D:4      | Found a staircase to the Ecumenical Temple.
  4012 | Temple   | Entered the Ecumenical Temple
  4020 | Temple   | Became a worshipper of Warmaster Okawaru
  4219 | D:4      | Reached XP level 8. HP: 39/49 MP: 8/8
  4453 | D:5      | Entered Level 5 of the Dungeon
  4557 | D:5      | Reached skill level 13 in Slings
  5559 | D:2      | Found a runed translucent door.
  5560 | D:2      | Noticed Crazy Yiuf
  5567 | D:2      | Killed Crazy Yiuf
  5875 | D:6      | Noticed Menkaure
  5887 | D:6      | Killed Menkaure
  5887 | D:6      | Reached skill level 14 in Slings
  5957 | D:6      | Found a sand-covered staircase.
  6090 | Ossuary  | Entered an ossuary
  6159 | Ossuary  | Reached skill level 1 in Invocations
  6169 | Ossuary  | HP: 1/75 [mummy (8)]
  6171 | Ossuary  | Slain by a jackal zombie

Skill      XL: |  1  2  3  4  5  6  7  8 |
---------------+-------------------------+-----
Slings         | 6 7 8 10 11 12 14 | 14.2
Fighting       | 2 |  2.1
Invocations    | 1 |  1.1
Dodging        | |  2.1
Stealth        | |  1.1

Action                   |  1- 3 |  4- 6 |  7- 9 || total
-------------------------+-------+-------+-------++-------
Melee: Short sword       |    89 |       |       ||    89
       Dagger            |       |       |    91 ||    91
 Fire: Hunting sling     |    83 |   165 |   221 ||   469
Throw: Tomahawk          |       |       |     4 ||     4
       Throwing net      |       |       |     1 ||     1
  Use: Scroll            |     2 |     2 |     4 ||     8
       Potion            |       |       |     9 ||     9
 Stab: Sleeping          |     3 |       |     4 ||     7
  Eat: Chunk             |     2 |     4 |     6 ||    12
       Ration            |       |       |     1 ||     1
Armor: Leather armour    |    32 |     5 |    44 ||    81
       Skin              |       |       |   160 ||   160
Dodge: Dodged            |   101 |    25 |   145 ||   271
